Match 42719600
Unlisted

Match 42719600
End
Construct Barracks
Riflemen Squad
Riflemen Squad
Riflemen Squad
Grenade Package
Construct Weapon Support Center
Construct Weapon Support Center
M1919 Machine Gun Team
Mechanized Support Center
M3 Armored Personnel Carrier
Selects Heavy Weapons
Selects Heavy Weapons
Selects Assault Carriers
Engineer Squad
Designate Forward Repair Station
Selects M2HB .50cal Heavy Machine Gun
M1918 Browning Automatic Rifles
1⁄4-ton 4x4 Truck
Bazooka Squad
Mortar Pit
Mortar Pit
Construct Tank Depot
Selects Halftrack Strongpoints
M4A1 Sherman Medium Tank
Bazooka Squad
Improvised Armor
Rapid Repairs
Mortar Pit
Selects M26 Pershing Heavy Tank
M26 Pershing Heavy Tank
.30 cal Machine Gun
Designate Forward Repair Station
Selects Gallant Stand
Gallant Stand
andcrew
holybutters
nierenbrei
Nashorn101
0
0

Comments sign in to comment!

No comments posted yet!